 Dungeon Crawl Stone Soup version 0.30-a0-743-gbfdf073 (webtiles) character file.

Game seed: 15384252146777915453

7133 PurpleRed the Thaumaturge (level 10, -1/66 (88) HPs)
             Began as a Deep Elf Reaver on Feb 8, 2023.
             Was a Priest of Cheibriados.
             Slain by a tengu warrior
             ... wielding a +1 great sword of holy wrath
              (16 damage)
             ... in a Gauntlet.
             The game lasted 00:46:56 (4138 turns).

PurpleRed the Thaumaturge (Deep Elf Reaver)         Turns: 4138, Time: 00:46:57

HP:   -1/66 (88)    AC:  9    Str: 18    XL:     10   Next: 85%
MP:   18/27         EV: 18    Int: 30    God:    Cheibriados [***...]
Gold: 260           SH:  0    Dex: 26    Spells: 19/32 levels left

rFire   . . .      SeeInvis .    m - +6 quarterstaff "Mituc" {venom, rElec}
rCold   . . .      Faith    .    (shield currently unavailable)
rNeg    + . .      Spirit   .    b - +1 leather armour
rPois   +          Reflect  .    s - +2 helmet
rElec   +          Harm     .    (no cloak)
rCorr   .          Rampage  .    l - +1 pair of gloves {hurl}
Will    +....      NoTele   +    (no boots) Stlth
                                 u - amulet of regeneration
HPRegen 1.11/turn                o - +5 ring of evasion
MPRegen 0.20/turn                G - ring of Zishaby {rPois rN+ Str+2 Dex+6 Slay+3}

@: berserking, very heavily drained, very slow
A: no striking features
a: Renounce Religion, Bend Time, Temporal Distortion


You were in a Gauntlet.
You worshipped Cheibriados.
Cheibriados was most pleased with you.
You visited 2 branches of the dungeon, and saw 13 of its levels.
You also visited: Sewer, Ossuary and Gauntlet.

You collected 308 gold pieces.
You spent 48 gold pieces at shops.

Inventory:

Hand Weapons
 a - a +0 short sword of flaming
 e - a +2 spear of freezing
 g - a +2 vampiric hand axe
 m - the +6 quarterstaff "Mituc" (weapon) {venom, rElec}
   (You found it on level 4 of the Dungeon)

   rElec:     It insulates you from electricity.
 y - a +2 whip of flaming
 F - a +2 heavy flail
Missiles
 f - 3 boomerangs
Armour
 b - a +1 leather armour (worn)
 l - a +1 pair of gloves of hurling (worn)
 s - a +2 helmet (worn)
Magical Staves
 v - a staff of cold
 E - a staff of fire
Jewellery
 d - a ring of flight
 o - a +5 ring of evasion (left hand)
 u - an amulet of regeneration (around neck)
 x - a +6 ring of intelligence
 G - the ring of Zishaby (right hand) {rPois rN+ Str+2 Dex+6 Slay+3}
   (You acquired it in a Gauntlet)

   [ring of dexterity]

   Str:       It affects your strength (+2).
   Dex:       It affects your dexterity (+6).
   Slay:      It affects your accuracy & damage with ranged weapons and melee
   (+3).
   rPois:     It protects you from poison.
   rN:        It protects you from negative energy.
Wands
 H - a wand of flame (9)
Scrolls
 c - 6 scrolls of teleportation
 h - 2 scrolls of enchant armour
 i - 2 scrolls of amnesia
 p - 2 scrolls of fear
 t - a scroll of brand weapon
 w - a scroll of acquirement
 z - 2 scrolls of immolation {unknown}
 A - 2 scrolls of identify
 C - a scroll of torment {unknown}
 D - a scroll of fog
Potions
 j - a potion of magic
 k - 2 potions of cancellation
 n - 2 potions of mutation
 q - 2 potions of ambrosia
 r - a potion of berserk rage
Miscellaneous
 B - a lightning rod (3/4)


   Skills:
 + Level 5.3 Fighting
 - Level 3.0 Short Blades
 + Level 7.3 Staves
 + Level 2.8 Dodging
 - Level 11.5 Spellcasting
 - Level 9.8 Conjurations
 + Level 1.2 Necromancy
 - Level 3.0 Translocations
 - Level 4.0 Ice Magic
 - Level 4.0 Air Magic


You had 19 spell levels left.
You knew the following spells:

 Your Spells              Type           Power      Damage    Failure   Level
a - Kiss of Death         Conj/Necr      100%       2d13      1%          1
b - Momentum Strike       Conj/Tloc      100%       3d10      1%          2
c - Hailstorm             Conj/Ice       56%        3d12      1%          3
d - Freezing Cloud        Conj/Ice/Air   26%        6-21      9%          5
x - Sublimation of Blood  Necr           24%        N/A       3%          2

Your spell library contained the following spells:

 Spells                   Type           Power      Damage    Failure   Level
 Ensorcelled Hibernation  Hex/Ice        58%        N/A       2%          2
 Kindle Blastsparks       Fire/Tloc/Air  62%        2d15      4%          3
 Ignite Poison            Fire/Tmut/Pois 17%        N/A       11%         3
 Spider Form              Tmut/Pois      17%        N/A       11%         3
 Irradiate                Conj/Tmut      23%        3d19      13%         5
 Anguish                  Hex/Necr       10%        N/A       26%         4
 Petrify                  Tmut/Erth      17%        N/A       34%         4


Dungeon Overview and Level Annotations

Branches:
Dungeon (12/15)            Temple (1/1) D:6            Lair (0/5) D:9
  Sewer (visited)         Ossuary (visited)         Gauntlet (1/1)
    Orc: D:9-12

Altars:
Ashenzari
Cheibriados
Elyvilon
Fedhas
Gozag
Hepliaklqana
Kikubaaqudgha
Makhleb
Nemelex Xobeh
Okawaru
Qazlal
Ru
Sif Muna
Trog
Uskayaw
Wu Jian
Xom
Yredelemnul
Zin
The Shining One

Shops:
D:3 *

Annotations:
Gauntlet 10 transporters


Message History

The concentrated momentum hits the tengu warrior!
The tengu warrior is lightly wounded.
You are unable to move.
The death yak bellows!
The tengu warrior misses you.
The tengu warrior pecks you but does no damage.
The tengu warrior claws you.
Casting: Momentum Strike (safe; 1% risk of failure)
Confirm with . or Enter, or press ? or * to list all spells.
The spell is quite dangerous to miscast (9% risk of failure)!
Continue anyway?
Aiming: Freezing Cloud (quite dangerous; 9% risk of failure)
Press: ? - help, Dir - move target, p - tengu warrior The tengu warrior hits you with a +1 great sword of holy wrath!
The tengu warrior pecks you but does no damage.
The tengu warrior claws you but does no damage.
Casting: Freezing Cloud (quite dangerous; 9% risk of failure)
Confirm with . or Enter, or press ? or * to list all spells.
The spell is quite dangerous to miscast (9% risk of failure)!
Continue anyway?
Aiming: Freezing Cloud (quite dangerous; 9% risk of failure)
Press: ? - help, Dir - move target There's already a cloud there.
Okay, then.
Unknown command.
Okay, then.
Your magical effects are unravelling.
You feel magically purged.
You are no longer robbed of momentum.
The tengu warrior hits you with a +1 great sword of holy wrath!
* * * LOW HITPOINT WARNING * * *
The tengu warrior pecks you.
* * * LOW HITPOINT WARNING * * *
The tengu warrior claws you but does no damage.
Okay, then.
Okay, then.
A red film seems to cover your vision as you go berserk!
Cheibriados forces you to slow down.
You feel mighty!
The necromancer shouts!
The tengu warrior hits you with a +1 great sword of holy wrath!
You die...

##§.#XX##..##..#..##≈##..#..#.. #
#≈..#x##©..x#..#.........#..#..
.###..#########..#.........#..###
..##..........#..###########..#..
...#..#########..#.........#..###
...#..#Y..p.YY#..#.#.#.#.#.#..#..
.©.#8.#YY.##YY#..#*.#.#.#..#..#(#
...#..#YY##.Y##..#Q#.#.#.#.#..#).
.©.#∩.#Y##©.###©@#Q.#.©.#..#©©#y.
...#..###..##.#Q§#.#.#.#.#.#..#y.
.©.#8.##..##..#§§#(.#.#.#..#..#y#
...#..#.......#§§#.#.#.#.#.#..#..
...#..#########§§#.........#..###
..##..........#§§###########..#..
.###..#########..#.........#..###
# #≈..#..8#8.z#..#.........#..#QQ
##..#)..8..z#..#..##≈##..#..#Q#


You could see 4 death yaks, a tengu warrior, a necromancer, 2 tengu conjurers, a
small abomination, a flying skull and a battlesphere (distracted).

Vanquished Creatures
  Pikel (D:8)
  2 manticores (D:11)
  A hornet (D:7)
  A slime creature (D:12)
  A wyvern (D:4)
  11 yaks
  2 wraiths (D:11)
  An acid dragon (D:11)
  3 swamp worms (Gauntlet)
  A water moccasin (D:6)
  2 orc warriors
  A sky beast (D:7)
  A lemure (D:8)
  2 elf zombies (Ossuary)
  3 bullfrogs
  5 necrophages
  2 scorpions (D:4)
  A water moccasin zombie (D:6)
  5 wights
  9 killer bees
  4 howler monkeys
  3 bullfrog zombies (D:6)
  A centaur zombie (Ossuary)
  3 jellies
  A hound (D:5)
  3 human zombies
  4 orc priests
  3 iguanas
  8 orc wizards
  A mummy (Ossuary)
  2 river rats (D:3)
  7 adders
  2 white imps
  2 worms (D:2)
  2 dart slugs
  41 orcs
  5 bats
  3 endoplasms
  5 giant cockroaches
  8 goblins
  3 hobgoblins
  9 jackals
  7 kobolds
  4 quokkas
  9 ball pythons
  3 frilled lizards (Sewer)
  14 hobgoblin zombies (Ossuary)
  4 jackal zombies (Ossuary)
  8 kobold zombies (Ossuary)
  5 orc zombies (Ossuary)
  5 rats
234 creatures vanquished.

Vanquished Creatures (collateral kills)
  A black bear (D:5)
1 creature vanquished.

Vanquished Creatures (others)
  3 plants (Temple)
3 creatures vanquished.

Grand Total: 238 creatures vanquished

Notes
Turn   | Place    | Note
-------+----------+-------------------------------------------
     0 | D:1      | PurpleRed the Deep Elf Reaver began the quest for the Orb.
     0 | D:1      | Reached XP level 1. HP: 12/12 MP: 6/6
   110 | D:1      | Reached skill level 1 in Translocations
   110 | D:1      | Reached XP level 2. HP: 8/15 MP: 6/8
   158 | D:2      | Learned a level 2 spell: Momentum Strike
   210 | D:2      | Reached XP level 3. HP: 20/20 MP: 7/10
   299 | D:2      | Learned a level 3 spell: Hailstorm
   420 | D:3      | Reached skill level 4 in Spellcasting
   484 | D:3      | Found a burning altar of Makhleb.
   484 | D:3      | Found a broken altar of Ashenzari.
   540 | D:3      | Reached XP level 4. HP: 25/25 MP: 9/12
   544 | D:3      | Found a glowing drain.
   575 | Sewer    | Entered a sewer
   968 | D:3      | Found Acli's General Store.
   975 | D:3      | Bought a scroll of fear for 48 gold pieces
  1044 | D:4      | Noticed a wyvern
  1045 | D:4      | Found a stormy altar of Qazlal.
  1051 | D:4      | Killed a wyvern
  1052 | D:4      | Reached skill level 5 in Spellcasting
  1052 | D:4      | Reached skill level 5 in Conjurations
  1052 | D:4      | Reached XP level 5. HP: 11/29 MP: 10/15
  1052 | D:4      | Reached XP level 6. HP: 13/34 MP: 10/16
  1131 | D:5      | Entered Level 5 of the Dungeon
  1138 | D:5      | Found a sand-covered staircase.
  1144 | D:5      | Reached skill level 6 in Spellcasting
  1174 | Ossuary  | Entered an ossuary
  1445 | Ossuary  | Reached skill level 7 in Spellcasting
  1445 | Ossuary  | Reached XP level 7. HP: 16/38 MP: 9/19
  1739 | D:4      | Identified the +6 quarterstaff "Mituc" {venom, rElec}
  1771 | D:4      | Reached skill level 8 in Spellcasting
  1881 | D:4      | Reached skill level 9 in Spellcasting
  1881 | D:4      | Reached XP level 8. HP: 19/41 MP: 2/23
  2178 | D:6      | Reached skill level 10 in Spellcasting
  2199 | D:6      | Found a basalt altar of Yredelemnul.
  2269 | D:6      | Found a staircase to the Ecumenical Temple.
  2278 | Temple   | Entered the Ecumenical Temple
  2510 | Temple   | Became a worshipper of Cheibriados the Contemplative
  2626 | D:6      | Reached skill level 11 in Spellcasting
  2626 | D:6      | Reached XP level 9. HP: 24/47 MP: 18/26
  2846 | D:8      | Found a sacrificial altar of Ru.
  2867 | D:8      | Learned a level 5 spell: Freezing Cloud
  2921 | D:8      | Reached skill level 1 in Staves
  2921 | D:8      | Reached skill level 1 in Ice Magic
  2926 | D:8      | Reached * piety under Cheibriados
  2972 | D:8      | Reached skill level 1 in Air Magic
  3014 | D:8      | Noticed Pikel
  3061 | D:8      | Killed Pikel
  3204 | D:7      | Reached ** piety under Cheibriados
  3343 | D:8      | Found a shimmering blue altar of Sif Muna.
  3381 | D:9      | Found a staircase to the Lair.
  3399 | D:9      | Reached XP level 10. HP: 52/56 MP: 24/27
  3524 | D:9      | Found an iron altar of Okawaru.
  3573 | D:9      | Found a blossoming altar of Fedhas.
  3609 | D:10     | Entered Level 10 of the Dungeon
  3638 | D:11     | Identified 3 scrolls of acquirement
  3638 | D:11     | Acquired a staff of fire
  3744 | D:11     | Reached skill level 5 in Staves
  3747 | D:11     | Found a gate leading to a gauntlet.
  3748 | D:11     | Noticed a manticore
  3755 | D:11     | Killed a manticore
  3761 | D:11     | You fall into a shaft and drop 1 floor!
  3824 | D:11     | Noticed a manticore
  3838 | D:11     | Killed a manticore
  3858 | D:11     | Reached *** piety under Cheibriados
  3863 | D:11     | Reached skill level 5 in Fighting
  3876 | D:11     | Learned a level 2 spell: Sublimation of Blood
  3911 | Gauntlet | Entered a Gauntlet
  3911 | Gauntlet | Found a transporter.
  3911 | Gauntlet | Found a transporter.
  3913 | Gauntlet | Found a transporter.
  3930 | Gauntlet | Found a transporter.
  3943 | Gauntlet | Noticed a tengu warrior
  3944 | Gauntlet | Found a transporter.
  3946 | Gauntlet | Found a transporter.
  3947 | Gauntlet | Found a transporter.
  3947 | Gauntlet | Found a transporter.
  3949 | Gauntlet | Noticed a necromancer
  3950 | Gauntlet | Noticed a death yak
  3950 | Gauntlet | Noticed a death yak
  3951 | Gauntlet | Noticed a death yak
  3952 | Gauntlet | Noticed a death yak
  3960 | Gauntlet | Found a transporter.
  3972 | Gauntlet | Noticed a death yak
  3972 | Gauntlet | Noticed a death yak
  3975 | Gauntlet | Found a transporter.
  3985 | Gauntlet | Found a transporter.
  3999 | Gauntlet | Found a transporter.
  4020 | Gauntlet | Found a transporter.
  4025 | Gauntlet | Noticed a tengu warrior
  4032 | Gauntlet | Found a transporter.
  4070 | Gauntlet | Acquired the ring of Zishaby {rPois rN+ Str+2 Dex+6 Slay+3}
  4086 | Gauntlet | Reached skill level 1 in Necromancy
  4138 | Gauntlet | Slain by a tengu warrior

Illustrated notes

Levels and vault maps discovered:
D:1:      shiori_arrival_maze, layout_basic
D:2:      layout_loops_ring, dreamdust_ecumenical_altar_sealed_demon,
          uniq_crazy_yiuf_cottage
D:3:      layout_basic, gammafunk_temple_overflow_elements, serial_shops,
          nicolae_shop_stone, portal_sewer_entry_a
D:4:      minmay_bubble_buster, layout_basic,
          mainiacjoe_overflow_concentric_impassable
D:5:      wander_guarded_unrand_ratskin, layout_basic,
          nicolae_ossuary_entry_ruins, grunt_ministairs_4, saegor_snake_ambush
D:6:      layout_layer_cave, chequers_temple_overflow_statue_of_worship,
          lemuel_mausoleum_altar_yredelemnul, temple_statues
D:7:      layout_loops_cross
D:8:      layout_rooms, lemuel_crystal_altar, mainiacjoe_overflow_alcove_1,
          uniq_pikel
D:9:      cheibrodos_two_vegetables, layout_loops_ring, fedhas_altar_4,
          mainiacjoe_overflow_six_doors_small, dpeg_oklobed_lair,
          chequers_hall_statues_wall_a, onia_ninara_cookie
D:10:     layout_loops_cross, serial_rivers, chequers_serial_rivers_micro_c,
          chequers_serial_rivers_marsh, chequers_serial_rivers_small_b,
          chequers_serial_rivers_micro_c, chequers_serial_rivers_micro_a
D:11:     layout_basic, kennysheep_orc_monster_closet_entryway,
          gauntlet_entry_generic, okawaru_ov_weapons_minmay
D:12:     layout_layer_cave, nicolae_uskayaw_murder_on_the_dancefloor
Temple:   minmay_temple_forest_path
Gauntlet: gammafunk_gauntlet_mixed_choke_point
          [minmay_gauntlet_arena_77_chump_sandwich,
          minmay_gauntlet_arena_77_broken_ladder,
          minmay_gauntlet_arena_77_braids, gammafunk_gauntlet_arena_grid,
          minmay_gauntlet_arena_77_fan, minmay_gauntlet_arena_77_two_lines,
          minmay_gauntlet_arena_77_terracotta_army,
          dreamdust_gauntlet_exit_labyrinth]

Skill      XL: |  1  2  3  4  5  6  7  8  9 10 |
---------------+-------------------------------+-----
Translocations | 1 2 3 |  3.0
Conjurations   | 4 5 6 7 9 |  9.8
Spellcasting   | 4 5 7 9 11 | 11.5
Fighting       | 3 5 |  5.3
Staves         | 3 7 |  7.3
Ice Magic      | 3 4 |  4.0
Air Magic      | 3 4 |  4.0
Necromancy     | 1 |  1.2
Short Blades   | |  3.0
Dodging        | |  2.8

Action                     |  1- 3 |  4- 6 |  7- 9 | 10-12 || total
---------------------------+-------+-------+-------+-------++-------
  Melee: Short sword       |    30 |       |       |       ||    30
         Spear             |    82 |   141 |    61 |       ||   284
         Quarterstaff      |       |       |   207 |    68 ||   275
   Cast: Kiss of Death     |     1 |     1 |     3 |     4 ||     9
         Momentum Strike   |     5 |    21 |    52 |    14 ||    92
         Hailstorm         |       |     3 |    18 |    17 ||    38
         Sublimation of Bl |       |       |       |     6 ||     6
         Freezing Cloud    |       |       |       |     2 ||     2
  Evoke: Wand              |       |     3 |     1 |       ||     4
         Lightning rod     |       |       |       |     1 ||     1
    Use: Scroll            |       |     6 |     9 |     3 ||    18
         Potion            |       |     2 |     3 |     3 ||     8
 Armour: Leather armour    |    13 |    29 |    66 |    25 ||   133
  Dodge: Dodged            |    68 |   140 |   305 |    73 ||   586

Table legend: (Time is in decaauts)
 A = Elapsed time spent in this place.
 B = Non-inter-level travel time spent in this place.
 C = Inter-level travel time spent in this place.
 D = Time resting spent in this place.
 E = Time spent auto-exploring this place.
 F = Levels seen in this place.
 G = Mean time per level.
                   A        B        C        D        E       F      G
               +--------+--------+--------+--------+--------+-----+--------+
         Total |   4795 |   4736 |     59 |      0 |      0 |  16 |  299.7 |
       Dungeon |   3330 |   3314 |     16 |      0 |      0 |  12 |  277.5 |
        Temple |    278 |    235 |     43 |      0 |      0 |   1 |  278.0 |
         Sewer |    353 |    353 |      0 |      0 |      0 |   1 |  353.0 |
       Ossuary |    492 |    492 |      0 |      0 |      0 |   1 |  492.0 |
      Gauntlet |    341 |    341 |      0 |      0 |      0 |   1 |  341.0 |
               +--------+--------+--------+--------+--------+-----+--------+

Top non-repeatable levels by time:
     D:8: 542 daAuts
 Ossuary: 492 daAuts
     D:4: 481 daAuts
     D:6: 384 daAuts
   Sewer: 353 daAuts
     D:9: 345 daAuts
Gauntlet: 341 daAuts
     D:7: 327 daAuts
    D:11: 317 daAuts
     D:3: 310 daAuts
  Temple: 278 daAuts
     D:2: 252 daAuts
     D:1: 148 daAuts
     D:5: 146 daAuts
    D:10: 38 daAuts
